 Dungeon Crawl Stone Soup version 0.31-a0-167-g1c394c0614 (webtiles) character file.

Game seed: 14147695716738874957

5308 qw the Cleaver (level 10, -1/68 HPs)
             Began as a Gargoyle Fighter on June 14, 2023.
             Was a Believer of Okawaru.
             Slain by a very large slime creature (43 damage)
             ... on level 8 of the Dungeon.
             The game lasted 00:03:03 (6049 turns).

qw the Cleaver (Gargoyle Fighter)                   Turns: 6049, Time: 00:03:03

Health: -1/68      AC: 30    Str: 23    XL:     10   Next: 64%
Magic:  11/13      EV:  9    Int: 10    God:    Okawaru [**....]
Gold:   119        SH:  6    Dex:  9    Spells: 9/9 levels left

rFire   + . .        Y - +2 war axe
rCold   . . .        c - +0 buckler
rNeg    + + .        s - +0 plate armour
rPois   inf          h - +1 helmet
rElec   +            g - +0 cloak
rCorr   .            j - +0 pair of gloves
SInv    .            p - +0 pair of boots
Will    .....        u - amulet of regeneration Stlth
                     e - ring of protection from fire
HPRegen 1.11/turn    k - ring of positive energy
MPRegen 0.13/turn

%: no passive effects
@: heroic
A: sickness immunity, AC +7, negative energy resistance 1, electricity
resistance, torment resistance 1, petrification resistance
a: Renounce Religion, Heroism


You were on level 8 of the Dungeon.
You worshipped Okawaru.
Okawaru was pleased with you.
You visited 2 branches of the dungeon, and saw 9 of its levels.

You collected 539 gold pieces.
You spent 420 gold pieces at shops.


Innate Abilities, Weirdness & Mutations

You are immune to sickness and miasma.
Your stone body is resilient. (AC +7)
You are immune to poison.
You resist negative energy. (rN+)
You are resistant to electric shocks. (rElec)
You are resistant to unholy torment.
You are immune to petrification.


   Skills:
 - Level 10.1(15.1) Fighting
 + Level 10.6(15.6) Axes
 - Level 1.0(6.0) Throwing
 - Level 8.6(13.6) Armour
 - Level 1.0(6.0) Dodging
 - Level 5.3(10.3) Shields
 - Level 4.0 Invocations


You had 9 spell levels left.
You didn't know any spells.
Your spell library was empty.

Inventory:

Hand Weapons
 r - a +0 demon whip of venom
 t - a +3 morningstar of freezing
 Y - a +2 war axe (weapon)
Missiles
 l - 11 boomerangs (quivered)
Armour
 c - a +0 buckler (worn)
 g - a +0 cloak (worn)
 h - a +1 helmet (worn)
 j - a +0 pair of gloves (worn)
 p - a +0 pair of boots (worn)
 s - a +0 plate armour (worn)
Jewellery
 e - a ring of protection from fire (left hand)
 k - a ring of positive energy (right hand)
 q - a ring of willpower
 u - an amulet of regeneration (around neck)
Scrolls
 a - a scroll of identify
 m - 3 scrolls of teleportation
 w - a scroll of acquirement {unknown}
Potions
 b - a potion of mutation
 d - 3 potions of might
 f - 5 potions of curing
 i - 3 potions of heal wounds
 n - a potion of magic
 o - a potion of attraction
 v - a potion of haste {unknown}

Dungeon Overview and Level Annotations

Branches:
Dungeon (8/15)             Temple (1/1) D:5            Lair (0/5) D:8

Altars:
Ashenzari
Cheibriados
Dithmenos
Elyvilon
Fedhas
Gozag
Hepliaklqana
Kikubaaqudgha
Nemelex Xobeh
Okawaru
Qazlal
Ru
Sif Muna
Trog
Uskayaw
Vehumet
Wu Jian
Xom
Yredelemnul
Zin

Shops:
D:6 (   D:7 =


Message History

You slice the slime creature!!
You kill the slime creature!
Okawaru accepts your kill.
You start resting.
HP restored. 2 slime creatures come into view.
The slime creature quivers. x2
Enter note:
Enter note:
Enter note: You throw a boomerang.
The boomerang hits the slime creature.
The slime creature is lightly wounded.
A slime creature comes into view.
6041 ||| Stepping ~*~*~tactically~*~*~ (stealth).
Two slime creatures merge to form a large slime creature.
The slime creature moves out of view.
You throw a boomerang.
The boomerang hits the large slime creature.
The large slime creature is lightly wounded.
You throw a boomerang.
The boomerang hits the large slime creature.
The large slime creature is lightly wounded.
You barely miss the large slime creature.
The large slime creature is lightly wounded.
The large slime creature hits you.
Two slime creatures merge to form a very large slime creature.
6045 ||| INVOKING Heroism.
You gain the combat prowess of a mighty hero.
You slash the very large slime creature!
The very large slime creature is lightly wounded.
You slice the very large slime creature!!
The very large slime creature is moderately wounded.
The very large slime creature hits you!!
You hit the very large slime creature.
The very large slime creature is moderately wounded.
You hit the very large slime creature.
The very large slime creature is moderately wounded.
The very large slime creature hits you!!!
Ouch! That really hurt!
You die... ##PPPPP## #### #PP.PPP.#

#..## #.......## ....#
#P.>..PP.# J..#
#.:..P...# ... #P........
#.# ## #......P..
#####J#..# #.........
#...@....# #.......#.
#[.......# #P......#.
#.)##...## ##P....##.
#)######## ##.))###. #
#).##.)..######)###..
#..##.)............)....#
#.....(.#...#############
#..###..##### #. #..##


You could see a very large slime creature.

Vanquished Creatures
  Amaemon (D:8)
  An orange demon (D:8)
  Maggie (D:6)
  A komodo dragon (D:8)
  3 slime creatures (D:8)
  Sigmund (D:6)
  4 yaks (D:7)
  3 water moccasins (D:6)
  2 black bears (D:5)
  An ogre (D:4)
  A centaur (D:5)
  A phantom (D:6)
  A kobold brigand (D:8)
  2 bullfrogs
  2 scorpions
  14 wights
  4 killer bees (D:7)
  A howler monkey (D:5)
  2 jellies
  A gnoll bouda (D:8)
  A hound (D:4)
  5 iguanas
  4 sleepcaps
  2 orc wizards
  5 gnolls
  9 adders
  A shadow imp (D:6)
  3 white imps
  An ufetubus (D:5)
  4 worms
  3 dart slugs
  20 orcs
  7 endoplasms
  2 giant cockroaches (D:4)
  10 goblins
  12 hobgoblins
  2 quokkas
  6 ball pythons
  6 bats
  4 frilled lizards
  14 kobolds
  3 rats
171 creatures vanquished.

Notes
Turn   | Place    | Note
-------+----------+-------------------------------------------
     0 | D:1      | qw the Gargoyle Fighter began the quest for the Orb.
     0 | D:1      | Reached XP level 1. HP: 14/14 MP: 1/1
     0 | D:1      | 0 ||| qw: Version: 0.2-a-29-g1fa15c8
     0 | D:1      | 0 ||| qw: Game counter: 5023
     0 | D:1      | 0 ||| qw: Always use a shield: true
     0 | D:1      | 0 ||| qw: God list: Okawaru
     0 | D:1      | 0 ||| qw: Allow faded altars: false
     0 | D:1      | 0 ||| qw: Do Orc after D:15 true
     0 | D:1      | 0 ||| qw: Do second Lair branch before Depths: true
     0 | D:1      | 0 ||| qw: Lair rune preference: random
     0 | D:1      | 0 ||| qw: Plans: Normal, Zot:1-4, Slime:5, God:TSO, Crypt,
                  | Tomb, Abyss, Pan, Hells, Win
     0 | D:1      | 0 ||| PLANNING D:1-11
    39 | D:1      | 39 ||| Stepping ~*~*~tactically~*~*~ (hiding).
   186 | D:1      | Reached XP level 2. HP: 16/19 MP: 2/2
   774 | D:1      | 774 ||| Stepping ~*~*~tactically~*~*~ (hiding).
   776 | D:1      | 776 ||| Stepping ~*~*~tactically~*~*~ (hiding).
   917 | D:1      | Reached skill level 3 in Axes
  1028 | D:1      | 1028 ||| READING 2 scrolls labelled TOREESMA AHAJU.
  1029 | D:1      | 1029 ||| READING 2 scrolls labelled GOEZEM KEHIETZ.
  1030 | D:1      | 1030 ||| READING scroll labelled CAEGU QIHUE.
  1031 | D:1      | 1031 ||| DRINKING 2 red potions.
  1032 | D:1      | 1032 ||| DRINKING 2 bubbling sapphire potions.
  1032 | D:1      | Reached XP level 3. HP: 23/23 MP: 3/3
  1033 | D:1      | 1033 ||| DRINKING potion of experience.
  1033 | D:1      | Reached XP level 4. HP: 37/37 MP: 4/4
  1034 | D:1      | 1034 ||| DROPPING scroll of vulnerability.
  1148 | D:2      | Reached XP level 5. HP: 42/42 MP: 5/5
  1184 | D:2      | 1184 ||| Stepping ~*~*~tactically~*~*~ (stealth).
  1361 | D:2      | 1361 ||| UPGRADING to +0 pair of gloves.
  1366 | D:2      | 1366 ||| UPGRADING to ring of protection from fire.
  1367 | D:2      | 1367 ||| READING scroll labelled ZIFRUG SITETE.
  1370 | D:2      | 1370 ||| READING scroll labelled WEBIUC UMIRONU.
  1398 | D:2      | 1398 ||| READING scroll labelled COK KANNYUGUADE.
  1399 | D:2      | 1399 ||| READING 3 scrolls of identify.
  1399 | D:2      | 1399 ||| IDENTIFYING silvery potion
  1400 | D:2      | 1400 ||| READING 2 scrolls of identify.
  1400 | D:2      | 1400 ||| IDENTIFYING bubbling black potion
  1401 | D:2      | 1401 ||| DROPPING potion of invisibility.
  1434 | D:3      | 1434 ||| Stepping ~*~*~tactically~*~*~ (stealth).
  1435 | D:3      | 1435 ||| Stepping ~*~*~tactically~*~*~ (stealth).
  1436 | D:3      | 1436 ||| Stepping ~*~*~tactically~*~*~ (stealth).
  1539 | D:3      | Reached skill level 1 in Dodging
  1740 | D:3      | Found a bloodstained altar of Trog.
  1753 | D:3      | Found a shimmering blue altar of Sif Muna.
  1903 | D:3      | 1903 ||| DROPPING +0 mace.
  1904 | D:3      | 1904 ||| UPGRADING to +0 cloak.
  1909 | D:3      | 1909 ||| UPGRADING to +0 chain mail.
  1919 | D:3      | 1919 ||| DROPPING +0 scale mail.
  1920 | D:3      | 1920 ||| UPGRADING to +0 plate armour.
  1930 | D:3      | 1930 ||| DROPPING +0 chain mail.
  1931 | D:3      | 1931 ||| READING scroll labelled ANATE OROUS.
  1932 | D:3      | 1932 ||| READING scroll labelled RELUDI JONNEUD.
  1933 | D:3      | 1933 ||| READING scroll labelled OLLIOGHEPT.
  1934 | D:3      | 1934 ||| READING scroll labelled UDYCKATOIK.
  1935 | D:3      | 1935 ||| READING 2 scrolls of identify.
  1935 | D:3      | 1935 ||| IDENTIFYING metallic purple potion
  2013 | D:4      | 2013 ||| Stepping ~*~*~tactically~*~*~ (stealth).
  2029 | D:4      | Reached XP level 6. HP: 47/48 MP: 6/6
  2187 | D:4      | Found a snail-covered altar of Cheibriados.
  2251 | D:4      | Reached skill level 1 in Throwing
  2363 | D:4      | Reached XP level 7. HP: 38/52 MP: 7/7
  2691 | D:4      | 2691 ||| READING scroll labelled LOMIAG HAPLI.
  2692 | D:4      | 2692 ||| READING scroll labelled SOHOTT ECLOR.
  2693 | D:4      | 2693 ||| DRINKING 2 lumpy red potions.
  2711 | D:5      | Entered Level 5 of the Dungeon
  2712 | D:5      | Found a stormy altar of Qazlal.
  2720 | D:5      | Found a staircase to the Ecumenical Temple.
  2721 | D:5      | 2721 ||| PLANNING TEMPLE
  2727 | Temple   | Entered the Ecumenical Temple
  2761 | Temple   | 2761 ||| PLANNING D:1-11
  2818 | D:5      | Found an iron altar of Okawaru.
  2819 | D:5      | 2819 ||| PLANNING OKAWARU WORSHIP
  2828 | D:5      | Became a worshipper of Warmaster Okawaru
  2829 | D:5      | 2829 ||| PLANNING D:1-11
  2885 | D:5      | Reached skill level 9 in Axes
  3166 | D:5      | 3166 ||| READING scroll of enchant weapon.
  3166 | D:5      | 3166 ||| ENCHANTING +1 war axe.
  3572 | D:5      | Reached XP level 8. HP: 47/57 MP: 8/8
  3576 | D:5      | Reached skill level 6 in Armour
  3667 | D:5      | 3667 ||| READING 2 scrolls of identify.
  3667 | D:5      | 3667 ||| IDENTIFYING cyan potion
  3769 | D:6      | 3769 ||| Stepping ~*~*~tactically~*~*~ (stealth).
  3816 | D:6      | 3816 ||| Stepping ~*~*~tactically~*~*~ (stealth).
  3817 | D:6      | 3817 ||| Stepping ~*~*~tactically~*~*~ (stealth).
  3821 | D:6      | Noticed Sigmund
  3832 | D:6      | Reached * piety under Okawaru
  3833 | D:6      | 3833 ||| INVOKING Heroism.
  3856 | D:6      | 3856 ||| INVOKING Heroism.
  3859 | D:6      | Killed Sigmund
  3860 | D:6      | Reached skill level 1 in Invocations
  3942 | D:6      | 3942 ||| Stepping ~*~*~tactically~*~*~ (stealth).
  3968 | D:6      | 3968 ||| Stepping ~*~*~tactically~*~*~ (stealth).
  4053 | D:6      | Noticed Maggie
  4054 | D:6      | 4054 ||| Stepping ~*~*~tactically~*~*~ (hiding).
  4069 | D:6      | Reached XP level 9. HP: 60/62 MP: 10/10
  4084 | D:6      | 4084 ||| INVOKING Heroism.
  4085 | D:6      | Killed Maggie
  4085 | D:6      | Reached ** piety under Okawaru
  4510 | D:6      | Found Werchets's Antique Weapon Shop.
  4682 | D:6      | 4682 ||| UPGRADING to +0 pair of boots.
  4687 | D:6      | 4687 ||| UPGRADING to ring of positive energy.
  4688 | D:6      | 4688 ||| DRINKING 2 green potions.
  4689 | D:6      | 4689 ||| READING 2 scrolls of identify.
  4689 | D:6      | 4689 ||| IDENTIFYING dark potion
  4690 | D:6      | 4690 ||| DROPPING potion of enlightenment.
  4691 | D:6      | 4691 ||| DROPPING potion of brilliance.
  4772 | D:7      | 4772 ||| Stepping ~*~*~tactically~*~*~ (stealth).
  4780 | D:7      | Reached skill level 3 in Invocations
  4780 | D:7      | 4780 ||| Stepping ~*~*~tactically~*~*~ (stealth).
  4798 | D:7      | 4798 ||| INVOKING Heroism.
  4926 | D:7      | 4926 ||| INVOKING Heroism.
  5014 | D:7      | 5014 ||| INVOKING Heroism.
  5165 | D:7      | 5165 ||| INVOKING Heroism.
  5293 | D:7      | Found Jist's Jewellery Boutique.
  5303 | D:7      | 5303 ||| SHOPLISTING +6 ring of dexterity (504 gold, have
                  | 440).
  5303 | D:7      | 5303 ||| BUYING amulet of regeneration (420 gold).
  5303 | D:7      | Bought an amulet of regeneration for 420 gold pieces
  5303 | D:7      | 5303 ||| SHOPLISTING ring "Hiefeu" {rC++ Will- Dex+6 Slay-5
                  | SInv} (553 gold, have 20).
  5303 | D:7      | 5303 ||| SHOPLISTING ring of fire (350 gold, have 20).
  5567 | D:7      | 5567 ||| INVOKING Heroism.
  5638 | D:7      | Found a radiant altar of Vehumet.
  5646 | D:7      | Found a broken altar of Ashenzari.
  5650 | D:7      | Found a shadowy altar of Dithmenos.
  5656 | D:7      | Found an ornate altar of the Wu Jian Council.
  5661 | D:7      | Found an opulent altar of Gozag.
  5667 | D:7      | Found a blossoming altar of Fedhas.
  5671 | D:7      | Found a sacrificial altar of Ru.
  5729 | D:7      | Found a hide-covered altar of Uskayaw.
  5739 | D:7      | 5739 ||| UPGRADING to +1 helmet.
  5744 | D:7      | 5744 ||| DROPPING amulet of guardian spirit.
  5745 | D:7      | 5745 ||| UPGRADING to amulet of regeneration.
  5750 | D:7      | 5750 ||| READING scroll labelled EVVAOCI SOAM.
  5751 | D:7      | 5751 ||| READING 2 scrolls of identify.
  5751 | D:7      | 5751 ||| IDENTIFYING metallic amethyst potion
  5752 | D:7      | 5752 ||| DROPPING potion of degeneration.
  5773 | D:8      | Noticed Amaemon
  5774 | D:8      | 5774 ||| INVOKING Heroism.
  5776 | D:8      | Noticed an orange demon
  5781 | D:8      | Reached XP level 10. HP: 68/68 MP: 10/13
  5798 | D:8      | 5798 ||| INVOKING Heroism.
  5802 | D:8      | Killed Amaemon
  5815 | D:8      | Killed an orange demon
  5822 | D:8      | 5822 ||| DROPPING +0 flail.
  5830 | D:8      | 5830 ||| DROPPING +2 flail of freezing.
  5874 | D:8      | 5874 ||| INVOKING Heroism.
  5895 | D:8      | 5895 ||| INVOKING Heroism.
  5924 | D:8      | Found a staircase to the Lair.
  5959 | D:8      | 5959 ||| Stepping ~*~*~tactically~*~*~ (stealth).
  5972 | D:8      | 5972 ||| INVOKING Heroism.
  6041 | D:8      | 6041 ||| Stepping ~*~*~tactically~*~*~ (stealth).
  6045 | D:8      | 6045 ||| INVOKING Heroism.
  6049 | D:8      | Slain by a very large slime creature

Levels and vault maps discovered:
D:1:      dpeg_arrival_stone_temple_mockup, layout_basic
D:2:      layout_rooms
D:3:      layout_rooms, nzn_overflow_gifts_of_might_and_magic
D:4:      wad_river_or_something, layout_basic, cheibriados_altar_1,
          chequers_serial_rivers_micro_a, minmay_misc_feat_roman
D:5:      minmay_opposing_rooms, layout_loops_ring, grunt_temple_overflow_open,
          temple_fountains, chequers_serial_rivers_micro_d
D:6:      layout_basic, serial_shops, shop, uniq_sigmund, uniq_maggie
D:7:      corexii_shack_village, layout_rooms, grunt_temple_overflow_octagram,
          nicolae_uskayaw_dance_hall, nicolae_stop_n_shop_2
D:8:      layout_gridville, david_lair_shrubbed, uniq_maurice, uniq_amaemon
Temple:   nicolae_temple_ecumenical_triangle

Skill      XL: |  1  2  3  4  5  6  7  8  9 10 |
---------------+-------------------------------+-----
Axes           | 2 8 9 10 | 10.6
Fighting       | 10 | 10.1
Dodging        | 1 |  1.0
Armour         | 4 5 6 7 8 |  8.6
Throwing       | 1 |  1.0
Shields        | 4 5 |  5.3
Invocations    | 2 4 |  4.0

Action                     |  1- 3 |  4- 6 |  7- 9 | 10-12 || total
---------------------------+-------+-------+-------+-------++-------
  Melee: War axe           |    50 |    82 |   224 |   101 ||   457
  Throw: Boomerang         |     3 |    96 |    51 |    13 ||   163
 Invoke: Heroism           |       |       |     9 |     5 ||    14
    Use: Scroll            |     3 |    10 |     7 |       ||    20
         Potion            |     3 |       |     2 |       ||     5
 Armour: Scale mail        |    22 |    22 |       |       ||    44
         Plate armour      |       |    14 |   166 |    90 ||   270
  Dodge: Dodged            |    19 |    33 |    78 |    51 ||   181
  Block: Buckler           |     6 |    15 |    46 |    29 ||    96

Table legend:
 A = Non-vault XP
 B = Vault XP
 C = Vault XP percentage of total XP
 D = Non-vault monster count
 E = Vault monster count
 F = Vault count percentage of total count
                 A         B        C        D         E       F
            +---------+---------+-------+---------+---------+-------
      Total |    4777 |    2685 |  36.0 |     137 |      34 |  19.9
            +---------+---------+-------+---------+---------+-------
        D:1 |      30 |       0 |   0.0 |      17 |       0 |   0.0
        D:2 |      36 |       0 |   0.0 |      13 |       0 |   0.0
        D:3 |      88 |      24 |  21.4 |      25 |       2 |   7.4
        D:4 |     263 |     131 |  33.2 |      15 |       9 |  37.5
        D:5 |     438 |     394 |  47.4 |       8 |      10 |  55.6
        D:6 |     747 |     618 |  45.3 |      11 |       2 |  15.4
        D:7 |    1581 |      15 |   0.9 |      19 |       8 |  29.6
        D:8 |    1594 |    1503 |  48.5 |      29 |       3 |   9.4
            +---------+---------+-------+---------+---------+-------
